 Dungeon Crawl Stone Soup version 0.26-a0-668-gd58323b419 (webtiles) character file.

Game seed: 467683677489141123

1225 miscthings the Slicer (level 8, -2/73 HPs)
             Began as a Kobold Berserker on Oct 18, 2020.
             Was a Priest of Trog.
             Slain by a troll (5 damage)
             ... on level 7 of the Dungeon.
             The game lasted 00:08:32 (5800 turns).

miscthings the Slicer (Kobold Berserker)            Turns: 5800, Time: 00:08:32

Health: -2/73      AC: 14    Str: 14    XL:     8   Next: 76%
Magic:  8/8        EV: 13    Int: 11    God:    Trog [***...]
Gold:   318        SH:  4    Dex: 14    Spells: 7/7 levels left

rFire    + . .     SeeInvis .   a - +0 short sword
rCold    . . .     Faith    .   b - +0 buckler
rNeg     . . .     Spirit   .   e - +3 scale mail
rPois    .         Reflect  .   (no helmet)
rElec    .         Harm     .   (no cloak)
rCorr    .         Rampage  .   i - +2 pair of gloves
MR       +....                  d - +1 pair of boots
Stlth    ..........             (no amulet)
HPRegen  0.22/turn              h - ring of protection from magic
MPRegen  0.11/turn              s - ring of protection from fire

@: berserking, very quick
A: small, nightstalker 3
a: Berserk, Trog's Hand, Renounce Religion


You were on level 7 of the Dungeon.
You worshipped Trog.
Trog was most pleased with you.
You visited 2 branches of the dungeon, and saw 8 of its levels.

You collected 329 gold pieces.
You spent 11 gold pieces at shops.

Inventory:

Hand Weapons
 a - a +0 short sword (weapon)
Missiles
 u - a throwing net (quivered)
Armour
 b - a +0 buckler (worn)
 d - a +1 pair of boots (worn)
 e - a +3 scale mail (worn)
 i - a +2 pair of gloves (worn)
Jewellery
 h - a ring of protection from magic (left hand)
 s - a ring of protection from fire (right hand)
Wands
 w - a wand of flame (9)
Scrolls
 f - a scroll of fear
 g - a scroll of random uselessness {unknown}
 j - a scroll of remove curse
 k - a scroll of magic mapping
 l - a scroll of identify {@r1}
 o - 2 scrolls of teleportation
 p - 3 scrolls of amnesia
 t - a scroll of enchant weapon {unknown}
 v - 4 scrolls of immolation
 x - a scroll of fog {unknown}
Potions
 c - a potion of brilliance
 m - 2 potions of lignification
 q - a potion of curing
 r - a potion of flight
 z - a potion of magic


   Skills:
 + Level 5.0 Fighting
 + Level 9.9 Short Blades
 + Level 3.5 Throwing
 - Level 1.5 Armour
 + Level 4.6 Dodging
 + Level 4.5 Stealth
 + Level 1.0 Shields


You had 7 spell levels left.
You didn't know any spells.
Your spell library contained the following spells:

 Spells                   Type           Power        Failure   Level
 Animate Skeleton         Necr           #.....       93%         1
 Pain                     Necr           #...         93%         1
 Vampiric Draining        Necr           #.........   100%        3
 Animate Dead             Necr           #.........   100%        4
 Agony                    Necr           #.......     100%        5


Dungeon Overview and Level Annotations

Branches:
Dungeon (7/15)             Temple (1/1) D:6

Altars:
Ashenzari
Cheibriados
Elyvilon
Fedhas
Hepliaklqana
Kikubaaqudgha
Nemelex Xobeh
Sif Muna
Trog
Wu Jian
Xom
Zin

Shops:
D:6 *


Innate Abilities, Weirdness & Mutations

You are small and have problems with some larger weapons.
You are completely attuned to the shadows.


Message History

You puncture the troll!
The troll is heavily wounded.
The troll bites you!
* * * LOW HITPOINT WARNING * * *
The troll completely misses you. You block the troll's attack.
You barely miss the troll.
The troll is heavily wounded.
You puncture the troll!
The troll is almost dead.
The troll bites you!
* * * LOW HITPOINT WARNING * * *
The troll barely misses you. The troll closely misses you.
You closely miss the troll.
The troll is severely wounded.
You closely miss the troll.
The troll is severely wounded.
You puncture the troll!
The troll is almost dead.
The troll closely misses you. The troll misses you. The troll claws you.
You die...

.......
.....
#...#
#...#
#T# #@#
#.# #.#
#.# #$#
#.#


You could see a troll.

Vanquished Creatures
  An ice beast (D:6)
  An ogre (D:7)
  A bullfrog (D:4)
  A gnoll sergeant (D:6)
  A scorpion (D:4)
  A bullfrog zombie (D:6)
  2 hounds
  A quasit (D:6)
  6 orc wizards
  A bullfrog skeleton (D:6)
  2 orc priests
  2 iguanas
  Terence (D:3)
  2 worker ants
  Natasha (twice) (D:3)
  A howler monkey zombie (D:5)
  13 gnolls
  6 adders
  A white imp (D:5)
  2 worms (D:2)
  A leopard gecko (D:1)
  24 orcs
  6 bats
  5 giant cockroaches
  6 goblins
  5 hobgoblins
  10 jackals
  A ball python (D:3)
  4 frilled lizards
  A jackal skeleton (D:4)
  4 kobolds
  A quokka skeleton (D:4)
  A quokka zombie (D:6)
  7 rats
124 creatures vanquished.

Notes
Turn   | Place    | Note
-------+----------+-------------------------------------------
     0 | D:1      | miscthings the Kobold Berserker began the quest for the
                  | Orb.
     0 | D:1      | Reached XP level 1. HP: 14/14 MP: 1/1
   206 | D:1      | Reached XP level 2. HP: 19/19 MP: 2/2
   318 | D:1      | Reached skill level 5 in Short Blades
   494 | D:1      | Reached XP level 3. HP: 23/23 MP: 3/3
  1279 | D:2      | Reached ** piety under Trog
  1309 | D:2      | Reached skill level 6 in Short Blades
  1319 | D:2      | Reached XP level 4. HP: 28/28 MP: 4/4
  1487 | D:2      | Found a bloodstained altar of Trog.
  1679 | D:2      | Reached skill level 7 in Short Blades
  1679 | D:2      | Reached XP level 5. HP: 17/32 MP: 5/5
  1855 | D:2      | Found a blossoming altar of Fedhas.
  1855 | D:2      | Found a hazy altar of Hepliaklqana.
  2094 | D:3      | Noticed Natasha
  2108 | D:3      | Killed Natasha
  2303 | D:3      | Noticed Terence
  2311 | D:3      | Killed Terence
  2430 | D:3      | Reached skill level 8 in Short Blades
  2430 | D:3      | Reached XP level 6. HP: 37/37 MP: 6/6
  2525 | D:3      | Noticed Natasha
  2532 | D:3      | Killed Natasha
  3161 | D:4      | Reached skill level 9 in Short Blades
  3272 | D:4      | Reached skill level 1 in Stealth
  3277 | D:4      | Reached skill level 1 in Throwing
  3277 | D:4      | Reached XP level 7. HP: 41/41 MP: 7/7
  4072 | D:5      | Entered Level 5 of the Dungeon
  4109 | D:5      | Found a shimmering blue altar of Sif Muna.
  4773 | D:6      | Reached XP level 8. HP: 48/48 MP: 8/8
  4824 | D:6      | Reached *** piety under Trog
  5294 | D:6      | Found Refex's General Store.
  5299 | D:6      | Bought a scroll of noise for 11 gold pieces
  5479 | D:6      | Found a staircase to the Ecumenical Temple.
  5485 | Temple   | Entered the Ecumenical Temple
  5788 | D:7      | Noticed a troll
  5792 | D:7      | Reached skill level 5 in Fighting
  5792 | D:7      | Reached skill level 1 in Shields
  5797 | D:7      | HP: 3/73 [troll (12)]
  5800 | D:7      | Slain by a troll

Illustrated notes

Levels and vault maps discovered:
D:1:      dpeg_arrival_shrine, layout_loops_corners
D:2:      layout_loops_ring, gammafunk_temple_overflow_pools,
          lemuel_coloured_pillars_altar
D:3:      layout_loops_corners, uniq_natasha, uniq_terence
D:4:      layout_basic
D:5:      layout_cave_pools, nicolae_overflow_crystal_walls
D:6:      layout_gridville, temple_hall, serial_shops, shop
D:7:      gammafunk_wand_slinger, layout_loops_ring,
          grunt_temple_overflow_holy_war, gammafunk_ghost_wrathful_warriors,
          minmay_misc_feat_rows, minmay_misc_feat_columns
Temple:   eino_temple_rhombus

Skill      XL: |  1  2  3  4  5  6  7  8 |
---------------+-------------------------+-----
Short Blades   | 5 6 7 8 9 |  9.9
Stealth        | 1 3 4 |  4.5
Throwing       | 1 2 3 |  3.5
Dodging        | 3 4 |  4.6
Fighting       | 4 5 |  5.0
Shields        | 1 |  1.0
Armour         | |  1.5

Action                   |  1- 3 |  4- 6 |  7- 9 || total
-------------------------+-------+-------+-------++-------
Melee: Short sword       |    90 |   176 |   292 ||   558
Invok: Berserk           |     2 |     6 |    10 ||    18
  Use: Scroll            |       |     5 |     7 ||    12
 Stab: Sleeping          |     8 |     4 |     5 ||    17
Armor: Animal skin       |    18 |    11 |       ||    29
       Scale mail        |       |    27 |    91 ||   118
Dodge: Dodged            |    61 |    91 |   125 ||   277
Block: Buckler           |       |       |     3 ||     3

Table legend: (Time is in decaauts)
 A = Elapsed time spent in this place.
 B = Non-inter-level travel time spent in this place.
 C = Inter-level travel time spent in this place.
 D = Time resting spent in this place.
 E = Time spent auto-exploring this place.
 F = Levels seen in this place.
 G = Mean time per level.
                   A        B        C        D        E       F      G
               +--------+--------+--------+--------+--------+-----+--------+
         Total |   5769 |   5652 |    117 |    360 |   4366 |   8 |  721.1 |
       Dungeon |   5721 |   5616 |    105 |    360 |   4331 |   7 |  817.3 |
        Temple |     47 |     35 |     12 |      0 |     35 |   1 |   47.0 |
               +--------+--------+--------+--------+--------+-----+--------+

Top non-repeatable levels by time:
     D:4: 1087 daAuts
     D:6: 1066 daAuts
     D:3: 1024 daAuts
     D:1: 996 daAuts
     D:2: 964 daAuts
     D:5: 569 daAuts
  Temple: 47 daAuts
     D:7: 12 daAuts
